 Dungeon Crawl Stone Soup version 0.23.2 (webtiles) character file.

Game seed: 14515509388933205048

49 Borgoz the Sneak (level 3, -7/28 HPs)
             Began as a Ghoul Enchanter on Apr 4, 2019.
             Mangled by an ogre
             ... wielding a +0 giant spiked club
              (16 damage)
             ... on level 2 of the Dungeon.
             The game lasted 00:03:22 (1226 turns).

Borgoz the Sneak (Ghoul Enchanter)                  Turns: 1226, Time: 00:03:23

Health: -7/28      AC:  5    Str: 11    XL:     3   Next: 77%
Magic:  4/4        EV: 10    Int: 10    God:
Gold:   82         SH:  0    Dex: 10    Spells: 4/5 levels left

rFire    + . .     SeeInvis +   a - +1 dagger
rCold    + + .     Gourm    .   (no shield)
rNeg     + + +     Faith    .   g - +0 ring mail
rPois    ∞         Spirit   .   (no helmet)
rElec    .         Reflect  .   n - scarf {rC+ rF+}
rCorr    .         Harm     .   (no gloves)
MR       .....                  (no boots)
Stlth    +.........             (no amulet)
HPRegen  0.00/turn              m - ring of see invisible
MPRegen  0.09/turn              (no ring)

@: rotting
A: rotting body, claws 1, carnivore, cold resistance 1, negative energy
resistance 3, inhibited regeneration, torment resistance, unbreathing
a: no special abilities


You were on level 2 of the Dungeon.
You were not hungry.

You visited 1 branch of the dungeon, and saw 2 of its levels.

You collected 82 gold pieces.

Inventory:

Hand Weapons
 a - a +1 dagger (weapon)
 h - a +0 short sword
Armour
 g - a +0 ring mail (worn)
 n - a scarf of resistance (worn)
Jewellery
 m - a ring of see invisible (left claw)
 p - an uncursed ring of flight {unknown}
Scrolls
 c - a scroll of enchant weapon {unknown}
 e - 2 scrolls of remove curse {unknown}
 f - a scroll of fear {unknown}
 i - a scroll of teleportation {unknown}
 k - 3 scrolls of identify {unknown}
 o - a scroll of random uselessness {unknown}
 q - a scroll of blinking {unknown}
Comestibles
 d - 3 rations
 l - 4 chunks of flesh


   Skills:
 + Level 1.1 Fighting
 * Level 1.9 Short Blades
 * Level 1.5 Armour
 + Level 2.1 Dodging
 - Level 3.2 Stealth
 - Level 1.7 Spellcasting
 - Level 2.4 Hexes


You had 4 spell levels left.
You knew the following spells:

 Your Spells              Type           Power        Failure   Level  Hunger
a - Corona                Hex            #......      28%         1    ##.....

Your spell library contained the following spells:

 Spells                   Type           Power        Failure   Level  Hunger
 Ensorcelled Hibernation  Hex/Ice        #.....       56%         2    ###....
 Confuse                  Hex            #.......     63%         3    ####...
 Tukima's Dance           Hex            #.......     63%         3    ####...
 Dazzling Spray           Conj/Hex       #.....       80%         3    ####...


Dungeon Overview and Level Annotations

Branches:
Dungeon (2/15)

Altars:
Dithmenos
Makhleb
Uskayaw
Xom
Zin


Innate Abilities, Weirdness & Mutations

Your body is rotting away.
You thrive on raw meat.
You are immune to poison.
You have sharp fingernails.
You are carnivorous and can eat meat at any time.
Your flesh is cold resistant. (rC+)
You are immune to negative energy. (rN+++)
You do not regenerate when monsters are visible.
You are immune to unholy pain and torment.
You can survive without breathing.


Message History

The kobold is heavily wounded.
The kobold hits you but does no damage.
You hit the kobold.
You kill the kobold!
You hit the ogre but do no damage.
The ogre hits you with a +0 giant spiked club!!
Ouch! That really hurt!
* * * LOW HITPOINT WARNING * * *
You aren't carrying any items that you can evoke.
It was a potion of heal wounds.
You feel much better.
The ogre hits you with a +0 giant spiked club!
It was a potion of lignification.
You feel woody for a moment.
You hit the ogre.
The ogre is lightly wounded.
The ogre misses you.
You hit the ogre.
The ogre is moderately wounded.
The ogre hits you with a +0 giant spiked club!
Ouch! That really hurt!
You die...

..#....#.♣♣.♣
#<..##.#....♣♣♣. .
##.#^...........♣.
#.#.#.######.#..##
#.#.#.# .....
#.#.#.######.....
#.#.#...........#
#.#.##.####.#.#O#
#.#.##.# #.# #@#
.. #.##.# #.# #.#
.# #.##.# #.# #.#
.# #.##.####.###.#
### .#
#.........##.(#
..# .#
#.#######.##.##
#.# .# #.# #.##.#
#.# .###.#
###.##.# #.#
..##.# #......#
#.#


You could see an ogre.

Vanquished Creatures
  A leopard gecko (D:1)
  3 giant cockroaches (D:1)
  3 goblins (D:1)
  6 hobgoblins
  5 jackals (D:1)
  7 bats
  4 frilled lizards
  6 kobolds
  9 rats
44 creatures vanquished.

Notes
Turn   | Place    | Note
-------+----------+-------------------------------------------
     0 | D:1      | Borgoz the Ghoul Enchanter began the quest for the Orb.
     0 | D:1      | Reached XP level 1. HP: 14/14 MP: 2/2
    13 | D:1      | Reached skill level 1 in Short Blades
   112 | D:1      | Reached XP level 2. HP: 6/22 MP: 3/3
   372 | D:1      | Found a shimmering altar of Xom.
   440 | D:1      | Reached skill level 1 in Armour
   540 | D:1      | Reached XP level 3. HP: 20/27 MP: 4/4
   666 | D:1      | Reached skill level 1 in Fighting
   931 | D:2      | Found a glowing silver altar of Zin.
   932 | D:2      | Found a burning altar of Makhleb.
   934 | D:2      | Found a shadowy altar of Dithmenos.
   936 | D:2      | Found a hide-covered altar of Uskayaw.
   937 | D:2      | Found a shimmering altar of Xom.
  1200 | D:2      | Noticed an ogre
  1226 | D:2      | Mangled by an ogre

Skill      XL: |  1  2  3 |
---------------+----------+-----
Short Blades   | 1 |  1.9
Dodging        | 2 |  2.1
Armour         | 1 |  1.5
Fighting       | 1 |  1.1
Stealth        | |  3.2
Spellcasting   | |  1.7
Hexes          | |  2.4

Action                   || total
-------------------------++-------
Melee: Dagger            ||   221
  Use: Potion            ||     2
 Stab: Sleeping          ||     1
  Eat: Chunk             ||    10
Armor: Robe              ||     6
       Ring mail         ||    77
Dodge: Dodged            ||   141
